 Dungeon Crawl Stone Soup version 0.18-a0-1677-g2bdad6c (webtiles) character file.

28 Duffy the Insei (level 3, 26/26 HPs)
             Began as a Demonspawn Transmuter on Apr 2, 2016.
             Quit the game on level 1 of the Dungeon.
             The game lasted 00:00:55 (761 turns).

Duffy the Insei (Demonspawn Transmuter)              Turns: 761, Time: 00:00:55

Health: 26/26      AC:  3    Str: 10    XL:     3   Next: 0%
Magic:  6/6        EV: 12    Int: 14    God:
Gold:   83         SH:  0    Dex: 14    Spells: 1 memorised, 5 levels left

rFire  . . .     SeeInvis .       - Unarmed
rCold  . . .     Gourm    .     b - +0 robe
rNeg   . . .     Faith    .     (no shield)
rPois  .         Spirit   .     (no helmet)
rElec  .         Dismiss  .     e - +0 cloak (curse)
rCorr  .         Reflect  .     (no gloves)
SustAt .         Harm     .     (no boots)
MR     .....                    (no amulet)
Stlth  ++........               (no ring)
                                (no ring)

@: not resistant to hostile enchantments, unstealthy
A: claws 1, nightstalker 1
a: no special abilities


You were on level 1 of the Dungeon.
You were not hungry.

You visited 1 branch of the dungeon, and saw 1 of its levels.

You collected 83 gold pieces.


Innate Abilities, Weirdness & Mutations

You have sharp fingernails.
You are slightly more attuned to the shadows.


   Skills:
 - Level 1.0 Fighting
 - Level 1.7 Dodging
 + Level 3.6 Unarmed Combat
 - Level 2.0 Spellcasting
 - Level 2.0 Transmutations


You had 5 spell levels left.
You knew the following spells:

 Your Spells              Type           Power        Failure   Level  Hunger
a - Beastly Appendage     Trmt           #.....       12%         1    ##.....

Inventory:

Missiles
 a - 12 arrows
Armour
 b - a +0 robe (worn)
 e - a cursed +0 cloak (worn)
Scrolls
 f - 2 scrolls of blinking {unknown}
 h - a scroll of amnesia {unknown}
 i - a scroll of identify {unknown}
Potions
 j - 2 potions of flight {unknown}
 k - a potion of lignification {unknown}
Books
 c - a book of Changes
Comestibles
 d - 3 bread rations
 g - a beef jerky

Dungeon Overview and Level Annotations

Branches:
Dungeon (1/15)

Altars:


Message History

Found 26 bolts.
Found a dagger.
You see here a dagger.
Found a stone staircase leading down.
There is a stone staircase leading down here.
A giant cockroach and a dart slug come into view.
The dart slug launches a dart at you. The slug dart misses you.
The helpless giant cockroach fails to defend itself.
You hit the giant cockroach.
The giant cockroach is almost dead.
The giant cockroach barely misses you. The giant cockroach bites you.
You hit the giant cockroach.
You kill the giant cockroach!
The dart slug closely misses you.
You hit the dart slug.
The dart slug is heavily wounded.
You hit the dart slug but do no damage. You punch the dart slug.
The dart slug is severely wounded.
The dart slug launches a dart at you. The slug dart hits you!
You hit the dart slug.
The dart slug is almost dead.
You hit the dart slug.
You kill the dart slug!
You have reached level 3!
Your experience leads to an increase in your attributes!
Increase (S)trength, (I)ntelligence, or (D)exterity?
You feel agile.
Your demonic ancestry asserts itself...
Your fingernails lengthen.
Okay, then.
You now have 69 gold pieces (gained 16).
You now have 83 gold pieces (gained 14).
A giant gecko comes into view.
Are you sure you want to abandon this character and quit the game? (Confirm with "yes".)

.....##.# #.....#....#
....###.## #.....#.####
.....##..# ####.....#.#
......##.# ..........#
...#...#.# ...#......##
##.).....##. ##...###
#...#.........#.###
###......#..####.######
......#..#.###(.@.....#
.####.#....#...#.......
..###.#..#...##........
#........#.)###........
###......(....#........
####...........l.......
..........)###.........
...........####......
..............#......


You could see a giant gecko (wandering).

Action                   || total
-------------------------++-------
Melee: Unarmed           ||    76
 Stab: Sleeping          ||     1

Notes
Turn   | Place    | Note
--------------------------------------------------------------
     0 | D:1      | Duffy the Demonspawn Transmuter began the quest for the Orb.
     0 | D:1      | Reached XP level 1. HP: 15/15 MP: 3/3
    67 | D:1      | Reached skill level 2 in Transmutations
   104 | D:1      | Reached skill level 3 in Unarmed Combat
   104 | D:1      | Gained mutation: You are slightly more attuned to the shadows. [demonic ancestry]
   104 | D:1      | Reached XP level 2. HP: 21/21 MP: 5/5
   664 | D:1      | Gained mutation: You have sharp fingernails. [demonic ancestry]
   664 | D:1      | Reached XP level 3. HP: 21/26 MP: 6/6
   761 | D:1      | Quit the game

Vault maps used:
D:1:      dpeg_arrival_boxes_within_box

Vanquished Creatures
  An ooze
  2 dart slugs
  A ball python
  A giant cockroach
  2 goblins
  5 hobgoblins
  A kobold
  3 bats
  2 giant newts
  A rat
19 creatures vanquished.
